 Dungeon Crawl Stone Soup version 0.29.1-12-g30fa7ad0bf (webtiles) character file.

Game seed: 7065978711275135941

548 KittyFluff the Covered (level 7, 0/44 HPs)
             Began as a Gargoyle Berserker on Jan 13, 2023.
             Was a Believer of Trog.
             Killed from afar by Dowan (14 damage)
             ... with a shard of ice
             ... on level 4 of the Dungeon.
             The game lasted 00:18:02 (3884 turns).

KittyFluff the Covered (Gargoyle Berserker)         Turns: 3884, Time: 00:18:02

Health: 0/44       AC: 10    Str: 21    XL:     7   Next: 28%
Magic:  7/7        EV: 12    Int:  7    God:    Trog [**....]
Gold:   180        SH:  0    Dex: 11    Spells: 6/6 levels left

rFire   . . .      SeeInvis .   m - +0 flail
rCold   . . .      Faith    .   (no shield)
rNeg    + . .      Spirit   .   h - +0 leather armour
rPois   ∞          Reflect  .   (no helmet)
rElec   +          Harm     .   (no cloak)
rCorr   .          Rampage  .   l - +1 pair of gloves
Will    .....                   (no boots)
Stlth   +.........              u - amulet of magic regeneration
HPRegen 0.14/turn               (no ring)
MPRegen 0.50/turn               (no ring)

@: on berserk cooldown, slowed, very slow
A: sickness immunity, AC +4, negative energy resistance 1, electricity
resistance, torment resistance 1, petrification resistance
a: Renounce Religion, Berserk, Trog's Hand


You were on level 4 of the Dungeon.
You worshipped Trog.
Trog was pleased with you.
You visited 1 branch of the dungeon, and saw 4 of its levels.

You collected 250 gold pieces.
You spent 70 gold pieces at shops.

Inventory:

Hand Weapons
 a - a +0 mace
 m - a +0 flail (weapon)
 n - the +9 hand axe of Deflation {spect, rF- rN+ SInv}
   (You found it on level 2 of the Dungeon)

   When its wielder attacks, the weapon's spirit leaps out and strikes again.
   The spirit shares a part of any damage it takes with its wielder.
   rF:        It makes you vulnerable to fire.
   rN:        It protects you from negative energy.
   SInv:      It lets you see invisible.
 p - a +0 great mace
 C - a +0 sling
Missiles
 d - 46 stones
 k - 7 poisoned darts
 A - 6 javelins
Armour
 h - a +0 leather armour (worn)
 l - a +1 pair of gloves (worn)
 x - a +0 tower shield
Jewellery
 u - an amulet of magic regeneration (around neck)
Wands
 D - a wand of charming (11)
Scrolls
 b - a scroll of magic mapping {unknown}
 e - a scroll of teleportation {unknown}
 f - 2 scrolls of immolation
 g - 2 scrolls of vulnerability {unknown}
 v - a scroll of amnesia {unknown}
 y - a scroll of summoning {unknown}
 B - a scroll of poison {unknown}
Potions
 c - a potion of berserk rage
 i - a potion of attraction
 j - 2 potions of mutation
 o - a potion of flight
 q - a potion of curing
 r - 2 potions of degeneration {unknown}
 t - a potion of ambrosia {unknown}
 w - 2 potions of lignification
 z - a potion of might
Miscellaneous
 s - a piece from Xom's chessboard (15/15) (quivered)


   Skills:
 + Level 4.5 Fighting
 * Level 5.0 Maces & Flails
 * Level 5.0 Armour
 + Level 2.7 Dodging
 + Level 1.0 Shields
 + Level 1.5 Evocations


You had 6 spell levels left.
You didn't know any spells.
Your spell library was empty.

Dungeon Overview and Level Annotations

Branches:
Dungeon (4/15)
 Temple: D:4-7

Altars:
Xom

Shops:
D:3 !

Annotations:
D:4 Dowan


Innate Abilities, Weirdness & Mutations

You are immune to sickness and miasma.
Your stone body is resilient. (AC +4)
You are immune to poison.
You resist negative energy. (rN+)
You are resistant to electric shocks. (rElec)
You are resistant to unholy torment.
You are immune to petrification.


Message History

Trog accepts your kill.
Dowan's eyes darken. "You have made a black mistake."
Dowan seems to find hidden reserves of power!
Your piece from Xom's chessboard (15/15) has regained one charge.
Your Maces & Flails skill increases to level 5!
Your Armour skill increases to level 5!
Your Shields skill increases to level 1!
Things that are here:
a +0 short sword; a +3 leather armour of fire resistance; the elf corpse of Duvessa You sock Dowan!
Dowan is severely wounded.
Dowan drinks a potion.
Dowan is healed!
You thump Dowan!
Dowan is severely wounded.
Dowan casts a spell at you. The stone arrow hits you!
You barely miss Dowan.
Dowan is severely wounded.
Dowan gestures wildly while chanting.
Dowan blinks!
You feel a strong urge to attack something.
You are no longer berserk.
You are exhausted.
You feel yourself slow down.
You miss Dowan.
Dowan is severely wounded.
Dowan casts a spell.
Dowan blinks!
Dowan hits you but does no damage. Dowan barely misses you.
Dowan gestures wildly while chanting.
Dowan blinks!
Unknown command.
You are no longer glowing.
Dowan closely misses you.
You hit Dowan.
Dowan is almost dead.
Dowan hits you with a +3 dagger.
Dowan points at you and mumbles some strange words.
The shard of ice hits you!
You die...

#.....#
#.##.##.....#...
#.....#
#.##....###.####
#######
#.####### #.# #
######.######
#.# #
#...........#
#.# #
#...........#
#.# #
#[.....e....#
#.# #
####e########
#.# # ##@# #.# #
##).# #.# #..##
#.#### #.##
#..... ###.#
###### #...#
#.### .....e..#
......##.


You could see Dowan (fast).

Vanquished Creatures
  Grinder (D:3)
  Duvessa (D:4)
  A necrophage (D:4)
  A hound (D:2)
  2 iguanas
  4 adders (D:2)
  2 worms (D:2)
  3 dart slugs
  An orc (D:4)
  6 bats
  5 endoplasms
  3 giant cockroaches
  6 goblins
  3 hobgoblins
  4 kobolds
  5 quokkas
  6 ball pythons
  2 frilled lizards
  5 rats
  A butterfly (D:3)
62 creatures vanquished.

Notes
Turn   | Place    | Note
-------+----------+-------------------------------------------
     0 | D:1      | KittyFluff the Gargoyle Berserker began the quest for the
                  | Orb.
     0 | D:1      | Reached XP level 1. HP: 14/14 MP: 1/1
   123 | D:1      | Reached XP level 2. HP: 16/19 MP: 2/2
   334 | D:1      | Found a faded altar of an unknown god.
  1063 | D:2      | Reached XP level 3. HP: 20/23 MP: 3/3
  1224 | D:2      | Reached XP level 4. HP: 23/29 MP: 4/4
  1395 | D:2      | Identified the +9 hand axe of Deflation {spect, rF- rN+
                  | SInv}
  2243 | D:3      | Reached ** piety under Trog
  2271 | D:3      | Found a shimmering altar of Xom.
  2523 | D:3      | Reached XP level 5. HP: 30/33 MP: 5/5
  2659 | D:3      | Noticed Grinder
  2689 | D:3      | Paralysed by Grinder for 3 turns
  2694 | D:3      | Paralysed by Grinder for 5 turns
  2701 | D:3      | Killed Grinder
  2702 | D:3      | Reached skill level 1 in Evocations
  2702 | D:3      | Reached XP level 6. HP: 12/38 MP: 6/6
  2994 | D:3      | Found Etaimumu's Distillery.
  3337 | D:3      | Bought a potion of might for 40 gold pieces
  3337 | D:3      | Bought a potion of lignification for 30 gold pieces
  3720 | D:4      | Reached XP level 7. HP: 39/44 MP: 7/7
  3845 | D:4      | Noticed Dowan
  3847 | D:4      | Noticed Duvessa
  3872 | D:4      | Killed Duvessa
  3873 | D:4      | Reached skill level 5 in Maces & Flails
  3873 | D:4      | Reached skill level 5 in Armour
  3873 | D:4      | Reached skill level 1 in Shields
  3884 | D:4      | Killed from afar by Dowan

Illustrated notes

Levels and vault maps discovered:
D:1:      spicycebolla_arrival_clurvy, layout_basic,
          nicolae_ecumenical_lake_church, minmay_pentomino_v2
D:2:      minmay_angry_zag, layout_loops_ring, minmay_curled_crystal
D:3:      layout_basic, xom_butterflies, serial_shops, shop,
          small_statue_intersection, uniq_grinder
D:4:      layout_basic, tgw_kikubaaqudgha, uniq_duvessa

Skill      XL: |  1  2  3  4  5  6  7 |
---------------+----------------------+-----
Armour         | 3 4 5 |  5.0
Dodging        | 2 |  2.7
Fighting       | 4 |  4.5
Maces & Flails | 4 5 |  5.0
Evocations     | 1 |  1.5
Shields        | 1 |  1.0

Action                   |  1- 3 |  4- 6 |  7- 9 || total
-------------------------+-------+-------+-------++-------
Melee: Mace              |    79 |     2 |       ||    81
       Punch             |     1 |     1 |       ||     2
       Flail             |       |   180 |    23 ||   203
Throw: Stone             |     1 |     3 |       ||     4
Invok: Berserk           |       |     1 |     1 ||     2
Evoke: Piece from Xom's  |       |     3 |     1 ||     4
  Use: Scroll            |     1 |     5 |       ||     6
 Stab: Petrifying        |       |     1 |       ||     1
Armor: Animal skin       |    14 |       |       ||    14
       Leather armour    |    14 |    72 |     9 ||    95
Dodge: Dodged            |    54 |   133 |    12 ||   199
